 Dungeon Crawl Stone Soup version 0.20.1-1-g8b1a95d (webtiles) character file.

2945 Ymberti the Carver (level 9, -14/78 HPs)
             Began as a Hill Orc Fighter on Oct 3, 2017.
             Was a Priest of Beogh.
             Killed from afar by an electric eel (17 damage)
             ... with a bolt of electricity
             ... on level 7 of the Dungeon.
             The game lasted 00:19:18 (5185 turns).

Ymberti the Carver (Hill Orc Fighter)               Turns: 5185, Time: 00:19:21

Health: -14/78     AC: 14    Str: 19    XL:     9   Next: 80%
Magic:  9/9        EV: 11    Int:  8    God:    Beogh [***...]
Gold:   426        SH: 10    Dex: 13    Spells: 8/8 levels left

rFire    . . .     SeeInvis .   F - +1 long sword (drain)
rCold    + . .     Gourm    .   c - +0 shield
rNeg     + . .     Faith    .   d - +2 scale mail {rC+}
rPois    .         Spirit   .   (no helmet)
rElec    .         Reflect  .   f - +0 cloak
rCorr    .         Harm     .   G - +0 pair of gloves
MR       .....     Clarity  +   (no boots)
Stlth    ..........             (no amulet)
Regen    0.3/turn               k - +5 ring of slaying
MPRegen  0.2/turn               l - ring of positive energy

@: no status effects
A: icy blue scales 1, blurry vision 1, clarity, sturdy frame 1
a: Smiting, Renounce Religion


You were on level 7 of the Dungeon.
You worshipped Beogh.
Beogh was most pleased with you.
You were not hungry.

You visited 1 branch of the dungeon, and saw 7 of its levels.

You collected 426 gold pieces.

Inventory:

Hand Weapons
 F - a +1 long sword of draining (weapon)
Armour
 c - a +0 shield (worn)
 d - a +2 scale mail of cold resistance (worn)
 f - a +0 cloak (worn)
 G - a +0 pair of gloves (worn)
Jewellery
 k - a +5 ring of slaying (left hand)
 l - a ring of positive energy (right hand)
Wands
 r - a wand of digging (14/24)
 D - a wand of paralysis (5/24)
Scrolls
 a - a scroll of fear {unknown}
 j - 2 scrolls of recharging
 m - 2 scrolls of remove curse
 n - 2 scrolls of magic mapping {unknown}
 o - a scroll of enchant armour {unknown}
 t - 2 scrolls of amnesia {unknown}
 u - 5 scrolls of teleportation
 w - a scroll of fog {unknown}
 B - a scroll of random uselessness {unknown}
Potions
 b - a potion of magic
 e - a potion of cancellation
 h - 4 potions of brilliance
 p - a potion of berserk rage
 q - a potion of agility {unknown}
 s - a potion of haste {unknown}
 v - 3 potions of ambrosia
 x - 2 potions of curing
 z - a potion of invisibility {unknown}
Comestibles
 g - 6 meat rations
 i - 6 fruits
 A - 4 bread rations
 C - a royal jelly


   Skills:
 + Level 6.7 Fighting
 + Level 9.0 Long Blades
 + Level 7.1 Armour
 * Level 4.4 Dodging
 + Level 6.4 Shields


You had 8 spell levels left.
You didn't know any spells.

Dungeon Overview and Level Annotations

Branches:
Dungeon (7/15)             Temple (0/1) D:5

Altars:
Ashenzari
Cheibriados
Dithmenos
Gozag
Hepliaklqana
Makhleb
Trog


Innate Abilities, Weirdness & Mutations

You are partially covered in icy blue scales. (AC +2)
Scrolls take you a little longer to read.
You possess an exceptional clarity of mind.
Your movements are slightly less encumbered by armour. (ER -2)


Message History

An electric eel comes into view.
Your orc warrior hits the electric eel with a hand axe.
Your orc warrior hits the plant but does no damage.
The electric eel shoots out a bolt of lightning at you!
The bolt of electricity hits your orc warrior.
Your orc warrior dies!
The bolt of electricity hits you!
The electric eel shoots out a bolt of lightning at you!
The bolt of electricity misses you.
The bolt of electricity hits the plant.
The electric eel shoots out a bolt of lightning at you!
The bolt of electricity hits you! x2
* * * LOW HITPOINT WARNING * * *
The bolt of electricity misses the electric eel.
You closely miss the electric eel.
The electric eel is moderately wounded.
The electric eel shoots out a bolt of lightning at you!
The bolt of electricity hits you!
* * * LOW HITPOINT WARNING * * *
The bolt of electricity hits you!
You die...

.................#≈≈≈# .
##.##......####...≈≈≈#..
....#......# #..≈P≈≈≈..#
....#......#
##...P≈≈...#
....########
#..≈.≈≈≈...# ....#
##...≈≈≈≈...# ....#
#...≈≈≈≈≈≈... ....#
#.#.≈P≈≈≈≈..# ..#.#
#.#.@;≈≈≈≈...
#.#.)P≈≈P≈..
#.#..≈≈P.≈..
#....P≈≈≈$..
#...P≈≈≈≈...
#)#.≈.≈≈≈.#. #.#..P≈≈P.#
#....≈≈≈Po. #..≈≈≈≈≈.P.


You could see an electric eel and an orc wizard.

Vanquished Creatures
  Pikel (D:5)
  Grinder (D:5)
  Eustachio (D:5)
  The ghost of Frank the Skirmisher, an amateur OpFi (D:3)
  Duvessa (D:6)
  2 water moccasins
  2 ogres (D:6)
  A phantom (D:5)
  A big kobold (D:6)
  4 bullfrogs (D:6)
  2 scorpions (D:7)
  Dowan (D:6)
  A howler monkey (D:5)
  3 crimson imps
  2 bullfrog skeletons
  4 hounds
  A bullfrog zombie (D:5)
  4 orc priests
  An iguana (D:6)
  4 orc wizards
  Ijyb (D:5)
  3 worker ants
  A hound skeleton (D:4)
  14 gnolls
  2 adders
  7 river rats (D:6)
  3 oozes
  An adder zombie (D:5)
  An adder skeleton (D:4)
  3 worms
  4 leopard geckos
  15 orcs
  6 bats
  4 giant cockroaches
  9 goblins
  11 hobgoblins
  4 jackals
  5 quokkas
  2 ball pythons
  3 frilled lizards
  A jackal skeleton (D:6)
  15 kobolds
  A leopard gecko skeleton (D:5)
  A leopard gecko zombie (D:6)
  27 rats
182 creatures vanquished.

Vanquished Creatures (others)
  An orc warrior (D:7)
  A howler monkey (D:4)
  2 orc priests
  2 orc wizards
  9 orcs
  A giant cockroach (D:4)
  A kobold (D:4)
  A butterfly (D:5)
18 creatures vanquished.

Grand Total: 200 creatures vanquished

Notes
Turn   | Place    | Note
-------+----------+-------------------------------------------
     0 | D:1      | Ymberti the Hill Orc Fighter began the quest for the Orb.
     0 | D:1      | Reached XP level 1. HP: 19/19 MP: 1/1
    86 | D:1      | Reached XP level 2. HP: 26/27 MP: 2/2
   486 | D:1      | Reached XP level 3. HP: 26/33 MP: 3/3
  1122 | D:3      | Reached skill level 3 in Long Blades
  1244 | D:3      | Found a hazy altar of Hepliaklqana.
  1247 | D:3      | Found a burning altar of Makhleb.
  1250 | D:3      | Reached XP level 4. HP: 40/40 MP: 4/4
  1251 | D:3      | Found an opulent altar of Gozag.
  1251 | D:3      | Found a shadowy altar of Dithmenos.
  1251 | D:3      | Found a snail-covered altar of Cheibriados.
  1253 | D:3      | Found a bloodstained altar of Trog.
  1294 | D:3      | Noticed Frank's ghost (amateur OpFi)
  1307 | D:3      | Killed Frank's ghost
  1307 | D:3      | Reached skill level 4 in Long Blades
  1307 | D:3      | Reached skill level 1 in Dodging
  1307 | D:3      | Reached XP level 5. HP: 32/46 MP: 5/5
  1572 | D:4      | Became a worshipper of Beogh the Brigand
  1737 | D:4      | Reached XP level 6. HP: 53/53 MP: 6/6
  2006 | D:4      | Reached * piety under Beogh
  2417 | D:5      | Entered Level 5 of the Dungeon
  2429 | D:5      | Noticed a phantom
  2431 | D:5      | Noticed Ijyb
  2455 | D:5      | Killed a phantom
  2455 | D:5      | Reached skill level 5 in Long Blades
  2456 | D:5      | Paralysed by Ijyb for 3 turns
  2461 | D:5      | Killed Ijyb
  2461 | D:5      | Reached XP level 7. HP: 55/60 MP: 7/7
  2491 | D:5      | Noticed Eustachio
  2496 | D:5      | Noticed Grinder
  2508 | D:5      | Killed Eustachio
  2508 | D:5      | Reached skill level 5 in Fighting
  2514 | D:5      | Killed Grinder
  2514 | D:5      | Reached skill level 5 in Shields
  2540 | D:5      | Noticed Pikel
  2878 | D:5      | Killed Pikel
  2878 | D:5      | Reached skill level 6 in Long Blades
  2878 | D:5      | Reached skill level 5 in Armour
  2878 | D:5      | Reached XP level 8. HP: 43/70 MP: 8/8
  2972 | D:5      | Found a staircase to the Ecumenical Temple.
  3013 | D:5      | Gained mutation: Armour fits poorly on your strangely shaped body. [potion of mutation]
  3013 | D:5      | Gained mutation: Your body sometimes deteriorates upon taking damage. [potion of mutation]
  3013 | D:5      | Gained mutation: You have large cloven feet. [potion of mutation]
  3013 | D:5      | Gained mutation: Your system is resistant to poisons. (rPois) [potion of mutation]
  3014 | D:5      | Lost mutation: You have large cloven feet. [potion of mutation]
  3014 | D:5      | Lost mutation: Your body sometimes deteriorates upon taking damage. [potion of mutation]
  3014 | D:5      | Lost mutation: Armour fits poorly on your strangely shaped body. [potion of mutation]
  3014 | D:5      | Lost mutation: Your system is resistant to poisons. (rPois) [potion of mutation]
  3014 | D:5      | Gained mutation: You possess an exceptional clarity of mind. [potion of mutation]
  3014 | D:5      | Gained mutation: Scrolls take you a little longer to read. [potion of mutation]
  3014 | D:5      | Gained mutation: Your movements are slightly less encumbered by armour. (ER -2) [potion of mutation]
  3014 | D:5      | Gained mutation: You are partially covered in icy blue scales. (AC +2) [potion of mutation]
  3077 | D:5      | Reached skill level 7 in Long Blades
  3088 | D:5      | Found a shattered altar of Ashenzari.
  3361 | D:5      | Reached ** piety under Beogh
  3768 | D:5      | Reached XP level 9. HP: 75/75 MP: 9/9
  4284 | D:6      | Reached skill level 8 in Long Blades
  4568 | D:6      | Noticed Dowan
  4570 | D:6      | Noticed Duvessa
  4575 | D:6      | Killed Dowan
  4585 | D:6      | Killed Duvessa
  4722 | D:6      | Reached *** piety under Beogh
  5137 | D:7      | Reached skill level 9 in Long Blades
  5185 | D:7      | HP: 3/78 [electric eel/bolt of electricity (12)]
  5185 | D:7      | Killed from afar by an electric eel

Skill      XL: |  1  2  3  4  5  6  7  8  9 |
---------------+----------------------------+-----
Armour         | 4 5 6 7 |  7.1
Long Blades    | 3 4 5 6 7 9 |  9.0
Fighting       | 4 5 6 |  6.7
Dodging        | 1 2 3 4 |  4.4
Shields        | 4 5 6 |  6.4

Action                   |  1- 3 |  4- 6 |  7- 9 || total
-------------------------+-------+-------+-------++-------
Melee: Long sword        |   122 |   113 |   264 ||   499
Invok: Convert to Beogh  |       |     1 |       ||     1
  Use: Scroll            |       |     2 |     8 ||    10
       Potion            |       |       |     5 ||     5
 Stab: Distracted        |       |       |     1 ||     1
  Eat: Royal jelly       |     1 |       |     3 ||     4
       Bread ration      |     1 |       |     1 ||     2
Armor: Scale mail        |    60 |    39 |   103 ||   202
Dodge: Dodged            |    42 |    29 |   111 ||   182
Block: Shield            |    65 |    40 |   159 ||   264
       Rpst.: Long sword |    17 |    13 |    38 ||    68
